 Dungeon Crawl Stone Soup version 0.18.1-5-g4a78601 (webtiles) character file.

802530 jacquesderrida the Imperceptible (level 27, -3/142 HPs)
             Began as a Vine Stalker Skald on May 10, 2016.
             Was the Champion of Ashenzari.
             Killed by the effects of Hell (14 damage)
             ... on level 7 of Cocytus on May 14, 2016.
             The game lasted 05:35:35 (34355 turns).

jacquesderrida the Imperceptible (VSSk)            Turns: 34355, Time: 05:35:36

Health: -3/142     AC: 32    Str: 24      XL:     27
Magic:  0/38       EV: 29    Int: 19      God:    Ashenzari [******]
Gold:   1709       SH:  0    Dex: 24 (26) Spells: 9 memorised, 14 levels left

rFire  + + +     SeeInvis +     F - +9 bardiche (flame) (curse)
rCold  + + .     Gourm    .     v - +7 fire dragon armour (curse)
rNeg   . . .     Faith    .     (shield currently unavailable)
rPois  +         Spirit   +     R - +2 hat (curse)
rElec  +         Dismiss  .     P - +0 cloak of Beauty {MR++} (curse)
rCorr  +         Reflect  .     M - +2 pair of gloves of an ice cave {Slay+2} (curse)
SustAt .         Harm     .     e - +1 pair of boots {rC+} (curse)
MR     +++++     Clarity  +     j - amulet "Lyefos Uceo" {Regen+ Int+4} (curse)
Stlth  ++++++++..               D - ring "Gasal" {MR+ Str+3 Dex+3 Slay+2} (curse)
                                K - ring of protection from cold

@: mighty, resistant, very slightly contaminated, hasted, deflect missiles, very
quick, almost entirely resistant to hostile enchantments, extraordinarily
stealthy
A: fangs 3, horns 1, frail 1, regeneration 3, magic shield, antimagic bite, no
device heal 3, rot immunity
a: Curse Item, Scrying, Transfer Knowledge, Renounce Religion
}: 9/15 runes: barnacled, slimy, silver, golden, iron, obsidian, bone, abyssal,
gossamer


You were on level 7 of Cocytus.
You worshipped Ashenzari.
Ashenzari was exalted by your worship.
You were very full.

You visited 17 branches of the dungeon, and saw 88 of its levels.
You visited the Abyss 2 times.
You visited 1 bazaar.
You also visited: Labyrinth, Sewer, Ice Cave and Volcano.

You collected 7966 gold pieces.
You spent 6257 gold pieces at shops.

Inventory:

Hand Weapons
 F - a cursed +9 bardiche of flaming (weapon)
Missiles
 C - 4 throwing nets
Armour
 e - a cursed +1 pair of boots of cold resistance (worn)
 v - a cursed +7 fire dragon armour (worn)
 M - the cursed +2 pair of gloves of an ice cave (worn) {Slay+2}
   (You bought it in a shop in a bazaar)

   It affects your accuracy and damage with ranged weapons and melee attacks
   (+2).
   It has a curse placed upon it.
 P - the cursed +0 cloak of Beauty (worn) {MR++}
   (You found it on level 5 of the Vaults)

   It affects your resistance to hostile enchantments.
   It has a curse placed upon it.
 R - a cursed +2 hat (worn)
Jewellery
 f - the ring of the Vendetta {rCorr rF+ Dex+4}
   (You found it on level 4 of the Shoals)

   [ring of resist corrosion]

   It affects your dexterity (+4).
   It protects you from fire.
 j - the cursed amulet "Lyefos Uceo" (around neck) {Regen+ Int+4}
   (You found it in an ice cave)

   [amulet of regeneration]

   It affects your intelligence (+4).
   It increases your rate of regeneration.
   It has a curse placed upon it.
 s - the ring of the Rose {*Corrode rC+ rN+ Dex+4 Stlth+}
   (You found it on level 3 of the Crypt)

   [ring of positive energy]

   It affects your dexterity (+4).
   It protects you from cold.
   It protects you from negative energy.
   It may corrode you when you take damage.
   It makes you more stealthy.
 B - the ring of Nanuttut {rElec Int+2 Dex+5 Slay+3}
   (You found it on level 3 of the Elven Halls)

   [ring of slaying]

   It affects your intelligence (+2).
   It affects your dexterity (+5).
   It affects your accuracy and damage with ranged weapons and melee attacks
   (+3).
   It insulates you from electricity.
 D - the cursed ring "Gasal" (right hand) {MR+ Str+3 Dex+3 Slay+2}
   (You bought it in a shop on level 6 of the Dungeon)

   [ring of protection from magic]

   It affects your strength (+3).
   It affects your dexterity (+3).
   It affects your accuracy and damage with ranged weapons and melee attacks
   (+2).
   It affects your resistance to hostile enchantments.
   It has a curse placed upon it.
 E - the ring "Beothigi" {+Inv rPois}
   (You found it in a labyrinth)

   [ring of poison resistance]

   It protects you from poison.
   It lets you turn invisible.
 H - the amulet of the Fiend {Reflect rN+ Int+3 SH+5}
   (You found it on level 3 of the Elven Halls)

   [amulet of reflection]

   It shields you and reflects attacks.
   It affects your intelligence (+3).
   It protects you from negative energy.
   It affects your SH (+5).
 K - a ring of protection from cold (left hand)
 U - the amulet "Biros" {+Rage rPois Dex+5}
   (You found it on level 2 of the Spider Nest)

   [amulet of rage]

   It affects your dexterity (+5).
   It protects you from poison.
   It lets you go berserk.
Wands
 m - a wand of teleportation (0/9)
 o - a wand of digging (16/24)
 A - a wand of teleportation (6/9)
 V - a wand of teleportation (7/9)
 Y - a wand of teleportation (3/9)
Scrolls
 c - 2 scrolls of holy word
 g - 14 scrolls of remove curse
 i - a scroll of magic mapping
 r - 7 scrolls of fog
 y - 18 scrolls of identify (quivered)
 I - 3 scrolls of immolation
 L - 2 scrolls of summoning
 Q - a scroll of silence
Potions
 k - 6 potions of flight
 l - 14 potions of curing
 p - 3 potions of magic
 q - a potion of cure mutation
 u - 3 potions of resistance
 x - 5 potions of brilliance
 z - 3 potions of agility
 J - 2 potions of haste
 T - 4 potions of berserk rage
 Z - 2 potions of might
Books
 w - a book of Spatial Translocations

   Spells                             Type                      Level
   a - Apportation                    Translocation                1
   b - Blink                          Translocation                2
   c - Shroud of Golubria             Charms/Translocation         2
   d - Portal Projectile              Translocation                3
   e - Teleport Other                 Translocation                3
   f - Passage of Golubria            Translocation                4
Miscellaneous
 a - a fan of gales
 n - a figurine of a ziggurat
 G - a legendary deck of summoning {Water, drawn: 2}
 N - a lamp of fire
 S - the horn of Geryon
Comestibles
 d - 24 bread rations
 h - 2 meat rations


   Skills:
 + Level 20.5 Fighting
 - Level 21.2(25.8) Polearms
 - Level 15.0(19.0) Armour
 - Level 15.0(19.0) Dodging
 * Level 24.4 Stealth
 - Level 10.3 Spellcasting
 - Level 10.2(13.0) Hexes
 - Level 15.2(17.7) Charms
 - Level 7.9(10.9) Necromancy
 - Level 8.2(11.2) Translocations
 - Level 9.1(12.0) Air Magic


You had 14 spell levels left.
You knew the following spells:

 Your Spells              Type           Power        Failure   Level  Hunger
a - Apportation           Tloc           ######....   1%          1    None
b - Spectral Weapon       Hex/Chrm       ######..     1%          3    None
d - Deflect Missiles      Chrm/Air       ######....   4%          6    ######.
h - Haste                 Chrm           ######..     1%          6    ######.
m - Repel Missiles        Chrm/Air       ######       1%          2    None
p - Passage of Golubria   Tloc           N/A          1%          4    ##.....
r - Regeneration          Chrm/Necr      ######....   1%          3    None
B - Blink                 Tloc           N/A          1%          2    None
S - Silence               Hex/Air        ######....   1%          5    #####..


Dungeon Overview and Level Annotations

Branches:
Dungeon (15/15)            Temple (1/1) D:7            Lair (8/8) D:11
 Shoals (4/4) Lair:3       Spider (4/4) Lair:6        Slime (6/6) Lair:8
    Orc (2/2) D:12            Elf (3/3) Orc:2        Vaults (5/5) D:14
  Crypt (3/3) Vaults:3       Tomb (3/3) Crypt:3      Depths (5/5) D:15
   Hell (1/1)                 Dis (7/7) Hell            Geh (7/7) Hell
    Coc (7/7) Hell            Tar (7/7) Hell
    Zot: Depths:5

Altars:
Ashenzari
Cheibriados
Dithmenos
Gozag
Kikubaaqudgha
Pakellas
Vehumet
Xom
Yredelemnul
The Shining One
Beogh
Jiyva

Shops:
D:6 :%?=   D:8 }   D:13 =   Orc:2 (*[[*=[%   Elf:2 =   Vaults:5 !?!!!!??

Portals:
Hell: Depths:1 Depths:5
Abyss: Depths:3
Pandemonium: Depths:3
Ziggurat: Depths:1

Annotations:
D:4 Graouh's ghost, amateur MiFi
D:9 exclusion: orange crystal statue
Shoals:2 exclusion: upstairs
Shoals:4 Kite's ghost, adept MiBe
Spider:3 Jorgrun
Dis:7 Dispater
Coc:7 exclusion: ice statue, Antaeus


Innate Abilities, Weirdness & Mutations

You have razor-sharp teeth.
You regenerate.
When hurt, damage is shared between your health and your magic reserves.
Your bite disrupts and absorbs the magic of your enemies.
Potions and wands cannot restore your health.
You are immune to rotting.
You have a pair of small horns on your head.
You are frail (-10% HP).


Message History

Antaeus freezes you!! You resist.
* * * LOW HITPOINT WARNING * * *
Antaeus hits you but does no damage.
The Ice Fiend calls on the powers of darkness!
Your body is wracked with pain!
* * * LOW HITPOINT WARNING * * *
Unknown command.
Your skin stops crawling.
You see here a +0 leather armour.
Unknown command.
Read which item? (? for menu, Esc to quit)
Okay, then.
Unknown command.
The Ice Fiend calls on the powers of darkness!
Your body is wracked with pain!
* * * LOW HITPOINT WARNING * * *
Unknown command.
You feel a terrible foreboding... You partially resist.
You are encased in ice!
You die...

≈≈≈≈≈≈≈≈≈≈≈≈≈≈≈≈≈......≈≈≈≈≈≈≈≈≈≈
≈≈≈≈≈≈≈≈≈≈≈≈≈≈≈.........≈≈≈≈≈≈≈≈≈
≈≈≈≈≈≈≈≈≈...Z................,,≈≈
≈≈≈≈≈≈...........#####......Z,,,,
≈≈≈≈≈≈..........#######...1..,,,,
≈≈≈≈≈......########$!###.....,,,,
≈≈,,....##########[1.§##$$.##***,
≈,,,..Z##########.C=)?##$$### *,
,,,,..##########@.#$$########****
,,,,.###########.###########$,***
,,,,####}$###......######..}.,,**
,***###$./}..^#.....##....#$φ,,*
** ###!(.$#####.......#####:,**
####$.#######......######**
****#############.......#########
*,,,..############.......########
,,,,.......#######....##...##1!##


You could see Antaeus and an Ice Fiend.

Vanquished Creatures
  Asmodeus (Geh:7)
  Ereshkigal (Tar:7)
  the Royal Jelly (Slime:6)
  the Serpent of Hell (Coc:7)
  4 ancient liches
  Khufu (Tomb:3)
  33 greater mummies
  A shard shrike (Coc:7)
  Geryon (Hell)
  3 golden dragons
  Nikola (Spider:3)
  Jory (Crypt:3)
  A profane servitor (Crypt:3)
  3 iron giants (Dis:7)
  7 bone dragons
  9 Tzitzimimeh
  Arachne (Spider:3)
  2 Brimstone Fiends (Geh:7)
  A hellephant (Hell)
  3 Hell Sentinels (Dis:7)
  3 doom hounds
  5 Ice Fiends (Coc:7)
  5 tentacled monstrosities
  2 titans
  5 liches
  4 deep elf blademasters (Elf:3)
  3 deep elf master archers (Elf:3)
  An Executioner (Dis:7)
  9 ancient champions
  3 tentacled starspawn (Abyss:3)
  8 sphinxes
  4 quicksilver dragons
  A kraken (Shoals:2)
  14 acid blobs
  5 shadow dragons
  Ilsuiw (Shoals:4)
  3 storm dragons
  6 tengu reavers
  Donald (Shoals:3)
  4 revenants
  10 fire giants
  6 azure jellies
  2 balrugs (Geh:7)
  A ghost moth (Spider:4)
  8 vault wardens
  An orc warlord (Orc:2)
  14 frost giants
  7 deep elf sorcerers (Elf:3)
  6 deep elf elementalists (Elf:3)
  9 ghouls
  A curse skull (Crypt:2)
  5 ironheart preservers
  17 reapers
  10 very ugly things
  2 emperor scorpions (Spider:4)
  2 spriggan defenders (Depths:3)
  12 war gargoyles
  10 vampire knights
  An elemental wellspring (Coc:7)
  The ghost of senseless the Peltast, a journeyman MiFi of Cheibriados (D:15)
  17 stone giants
  6 bennus
  5 starcursed masses (Abyss:3)
  6 salamander stormcallers
  17 dire elephants (Depths:2)
  5 deep elf demonologists
  6 deep elf annihilators
  A spark wasp (Spider:4)
  5 eidola
  11 ettins
  7 blizzard demons
  Snorg (D:14)
  24 vault guards (Vaults:5)
  4 fire dragons
  8 deep elf death magi
  2 quicksilver dragon zombies
  8 yaktaur captains
  17 jiangshi
  4 death oozes
  7 merfolk javelineers
  A minotaur (Lab)
  5 great orbs of eyes
  3 merfolk impalers
  Erolcha (D:8)
  9 deep elf high priests
  33 mummy priests
  2 rakshasas (Depths:3)
  7 entropy weavers
  2 spriggan air magi
  A ghost crab (Abyss:3)
  A quicksilver dragon skeleton (Coc:7)
  9 hydras
  5 merfolk aquamancers
  9 ice dragons
  A ghost crab (shapeshifter) (Vaults:5)
  5 death knights
  3 catoblepae (Lair:8)
  2 merfolk avatars
  3 centaur warriors
  7 dancing weapons
  2 satyrs
  A titan zombie (Crypt:1)
  9 hell hogs
  An alligator snapping turtle (Shoals:4)
  9 ogre magi
  12 vampire magi
  19 death yaks
  3 deep troll shamans
  3 orc high priests (Orc:2)
  7 deep elf knights
  2 deep troll earth magi
  An iron golem (Hell)
  2 storm dragon zombies (Dis:7)
  2 spriggan berserkers
  A wretched star (Abyss:3)
  3 sun demons
  5 soul eaters
  10 shadow wraiths
  11 hell knights
  A fire crab (Abyss:3)
  An iron troll (D:14)
  2 salamander mystics
  2 golden dragon zombies
  2 titan skeletons
  A ghost moth zombie (Hell)
  74 death scarabs
  A quicksilver dragon simulacrum (Tomb:1)
  8 deep trolls
  An orange crystal statue (Depths:5)
  53 skeletal warriors
  6 unseen horrors
  10 sea snakes
  6 flayed ghosts
  A storm dragon skeleton (Geh:7)
  9 deep elf archers
  A giant orange brain (Slime:6)
  2 anaconda zombies
  An iron dragon zombie (Dis:7)
  4 shadow demons (Tar:7)
  16 phantasmal warriors
  An unseen horror (shapeshifter) (Vaults:3)
  6 ironbrand convokers
  9 harpies
  7 necromancers
  9 anubis guards
  6 hill giants
  A kraken simulacrum (Shoals:4)
  2 shadow dragon zombies
  A harpy (shapeshifter) (Abyss:3)
  15 fauns
  7 orb spiders
  2 anaconda skeletons (Hell)
  32 deep elf magi
  7 salamanders
  22 ugly things
  A salamander (shapeshifter) (Depths:1)
  2 wolf spider zombies
  6 hornets
  4 orc knights (Orc:2)
  A shadow dragon skeleton (Tar:7)
  4 shining eyes
  13 wolf spiders
  2 fire giant zombies
  9 cyclopes
  5 griffons
  3 iron dragon skeletons
  An orc sorcerer (Orc:2)
  A frost giant zombie (Tar:7)
  2 elephants (Depths:2)
  6 manticores
  A hell hog skeleton (Crypt:2)
  13 rust devils
  11 sirens
  A guardian serpent (D:12)
  2 frost giant skeletons
  Maurice (D:12)
  A worldbinder (Abyss:3)
  A stone giant skeleton (Hell)
  An eye of devastation (Slime:6)
  An orange demon (Abyss:1)
  10 vault sentinels
  A smoke demon (Abyss:3)
  2 apocalypse crabs (Abyss:3)
  7 water nymphs
  4 black mambas
  A gargoyle (D:13)
  6 spiny frogs
  A dire elephant skeleton (Tomb:1)
  2 ice statues
  A torpor snail (Lair:7)
  A komodo dragon (shapeshifter) (Vaults:5)
  21 yaktaurs
  An emperor scorpion zombie (Tar:7)
  20 ice devils
  10 hellions
  11 demonic crawlers
  2 rime drakes
  6 komodo dragons
  11 tormentors
  19 freezing wraiths
  3 red devils
  An ancient zyme (Abyss:3)
  A purple draconian skeleton (Crypt:2)
  A spriggan druid (Lair:6)
  2 hydra zombies
  39 guardian mummies
  5 trolls
  2 silent spectres
  A harpy zombie (Geh:4)
  A tengu conjurer (Depths:3)
  8 two-headed ogres
  18 jumping spiders
  A wind drake (Shoals:4)
  A queen ant zombie (Crypt:2)
  A polar bear (Lair:7)
  A polar bear (shapeshifter) (D:12)
  A fire dragon zombie (Coc:7)
  A shadow dragon simulacrum (Crypt:3)
  17 ushabtiu
  16 merfolk
  A harpy skeleton (Hell)
  4 bog bodies
  A guardian serpent zombie (Crypt:1)
  A hornet zombie (Crypt:1)
  7 snapping turtles
  11 blink frogs
  2 hydra skeletons
  An ettin zombie (Coc:4)
  2 boulder beetles (Vaults:5)
  An iron dragon simulacrum (Crypt:3)
  46 slime creatures
  2 alligator zombies (Hell)
  2 ice dragon zombies (Tar:7)
  A stone giant simulacrum (Hell)
  15 shadows
  46 redbacks
  A fire dragon skeleton (Hell)
  81 flying skulls
  2 ice dragon skeletons
  3 ynoxinuls (Abyss:3)
  19 tarantellas
  A black mamba skeleton (Coc:7)
  8 spriggans
  28 water elementals
  57 yaks
  4 air elementals
  2 wyverns
  A hog (shapeshifter) (Vaults:2)
  8 wraiths
  An ettin skeleton (Coc:7)
  10 fire elementals
  2 steam dragons
  A vampire (D:11)
  A hungry ghost (D:7)
  10 vampire mosquitoes
  A golden eye (Slime:6)
  2 basilisks (Lair:1)
  5 large abominations (Abyss:3)
  A chaos spawn (Abyss:1)
  A neqoxec (Abyss:3)
  Grum (D:11)
  5 hippogriffs
  A harpy simulacrum (Crypt:3)
  2 mottled dragons
  A merfolk zombie (Dis:7)
  2 insubstantial wisps (D:7)
  4 wargs (Orc:2)
  2 hydra simulacra
  10 hell hounds
  A spiny frog zombie (Hell)
  11 water moccasins
  A giant eyeball (Slime:6)
  A spiny frog skeleton (Coc:7)
  7 wasps
  10 porcupines
  A swamp drake (Orc:2)
  Purgy (Sewer)
  A fire dragon simulacrum (Crypt:3)
  6 sky beasts
  A black bear (D:12)
  3 manticore zombies
  22 orc warriors
  4 ice beasts
  A phantom (D:9)
  2 eyes of draining (Slime:4)
  34 ogres
  A lindwurm skeleton (Crypt:1)
  4 snapping turtle zombies
  33 wolves
  16 necrophages
  9 centaurs
  A snapping turtle skeleton (Tomb:3)
  A manticore skeleton (Tar:7)
  A rime drake zombie (Crypt:1)
  A swamp dragon skeleton (Geh:4)
  7 small abominations
  8 crocodiles
  22 giant frogs
  2 big kobolds
  2 earth elementals (Elf:1)
  An elf skeleton (Crypt:2)
  A wyvern skeleton (D:7)
  A scorpion (D:8)
  9 killer bees
  28 wights
  3 howler monkeys (D:9)
  12 crimson imps
  4 centaur zombies
  A quasit (Abyss:3)
  A human zombie (Geh:4)
  3 centaur skeletons
  4 hounds
  16 jellies
  4 iron imps
  8 orc priests
  16 orc wizards
  2 giant frog skeletons
  2 iguanas
  7 worker ants
  13 hell rats
  24 sheep
  45 mummies
  A worker ant zombie (D:11)
  7 adders
  34 river rats
  6 shadow imps
  22 white imps
  7 ufetubi (IceCv)
  3 oozes (D:1)
  2 adder zombies
  3 worms
  A dart slug (D:5)
  4 giant geckos
  70 orcs
  12 bats
  A giant cockroach (D:3)
  10 goblins
  4 hobgoblins
  6 jackals
  A ball python (D:1)
  3 giant newts
  18 kobolds
  An orc skeleton (Geh:4)
  A quokka zombie (D:5)
  7 rats
  A fungus (Lair:2)
  A lurking horror (Abyss:3)
  2 plants
  2 starspawn tentacles (Abyss:3)
  4 tentacles (Shoals:2)
2416 creatures vanquished.

Vanquished Creatures (collateral kills)
  2 azure jellies (Slime:6)
  An orb spider (Spider:4)
  A redback (Spider:4)
4 creatures vanquished.

Vanquished Creatures (others)
  A rakshasa (D:15)
  4 death scarabs
  A skeletal warrior (Tomb:2)
  An orb spider (Spider:3)
  A guardian mummy (Tomb:2)
  A frost giant simulacrum (Tomb:2)
  An ice dragon zombie (Geh:7)
  A flying skull (Dis:2)
  An ogre (Vaults:5)
  A small abomination (Abyss:3)
  2 wights (Geh:7)
  A spriggan simulacrum (Tomb:3)
  2 mummies (Tomb:2)
  3 white imps
  2 ufetubi (IceCv)
  2 orcs (Orc:2)
  2 kobolds (D:10)
  55 eldritch tentacle segments (Dis:1)
  25 fungi
  4 lost souls (Crypt:3)
  A lurking horror (Abyss:3)
  37 plants
  141 spectral weapons
  7 starspawn tentacles (Abyss:3)
  184 starspawn tentacle segments (Abyss:3)
  21 tentacles
  667 tentacle segments
1169 creatures vanquished.

Grand Total: 3589 creatures vanquished

Notes
Turn   | Place    | Note
--------------------------------------------------------------
     0 | D:1      | jacquesderrida the Vine Stalker Skald began the quest for the Orb.
     0 | D:1      | Reached XP level 1. HP: 11/11 MP: 4/4
    51 | D:1      | Reached XP level 2. HP: 15/15 MP: 6/6
   242 | D:1      | Reached XP level 3. HP: 18/18 MP: 7/7
   294 | D:1      | Learned a level 3 spell: Spectral Weapon
   547 | D:2      | Reached skill level 1 in Hexes
   561 | D:2      | Reached XP level 4. HP: 13/23 MP: 2/8
   626 | D:2      | Gained mutation: You are robust (+10% HP). [potion of mutation]
   626 | D:2      | Gained mutation: You are resistant to hostile enchantments. [potion of mutation]
   626 | D:2      | Gained mutation: You have a pair of small horns on your head. [potion of mutation]
  1329 | D:4      | Noticed Graouh's ghost (amateur MiFi)
  1454 | D:3      | Reached XP level 5. HP: 28/28 MP: 2/9
  1503 | D:3      | Found a radiant altar of Vehumet.
  1618 | D:4      | Gained mutation: You heal very quickly. [Vine Stalker growth]
  1618 | D:4      | Reached XP level 6. HP: 15/33 MP: 6/10
  1673 | D:4      | Learned a level 3 spell: Regeneration
  1706 | D:5      | Entered Level 5 of the Dungeon
  1757 | D:5      | Found an ancient bone altar of Kikubaaqudgha.
  1805 | D:5      | Found a snail-covered altar of Cheibriados.
  1847 | D:5      | Found an opulent altar of Gozag.
  2041 | D:5      | Found a glowing drain.
  2063 | Sewer    | Entered a sewer
  2097 | Sewer    | Noticed Purgy
  2101 | Sewer    | Lost mutation: You are robust (+10% HP). [potion of cure mutation]
  2101 | Sewer    | Lost mutation: You have a pair of small horns on your head. [potion of cure mutation]
  2101 | Sewer    | Lost mutation: You are resistant to hostile enchantments. [potion of cure mutation]
  2109 | Sewer    | Killed Purgy
  2109 | Sewer    | Reached skill level 5 in Polearms
  2369 | D:6      | Noticed an ice beast
  2380 | D:6      | Killed an ice beast
  2380 | D:6      | Reached XP level 7. HP: 36/36 MP: 8/11
  2385 | D:6      | Found a glowing golden altar of the Shining One.
  2387 | D:6      | Found Qemi's Jewellery Shoppe.
  2434 | D:6      | Found Caergh's Magic Scroll Shop.
  2443 | D:6      | Bought a scroll of identify for 30 gold pieces
  2485 | D:6      | Found Bix Emia's Food Emporium.
  2487 | D:6      | Found Lidden's Book Shoppe.
  2750 | D:7      | Noticed a steam dragon
  2750 | D:7      | Noticed a hungry ghost
  2774 | D:7      | Killed a hungry ghost
  2774 | D:7      | Gained mutation: You have razor-sharp teeth. [Vine Stalker growth]
  2774 | D:7      | Reached XP level 8. HP: 38/42 MP: 9/12
  2828 | D:7      | Reached skill level 5 in Fighting
  3107 | D:7      | Found a staircase to the Ecumenical Temple.
  3116 | Temple   | Entered the Ecumenical Temple
  3125 | Temple   | Became a worshipper of Ashenzari the Shackled
  3193 | D:7      | Reached XP level 9. HP: 33/48 MP: 8/13
  3309 | D:8      | Noticed Erolcha
  3551 | D:8      | POEBAT!!!!!!!!
  3562 | D:8      | Killed Erolcha
  3565 | D:8      | MRAZ
  3596 | D:8      | Found Jufixt's Gadget Boutique.
  3809 | D:9      | Found a shadowy altar of Dithmenos.
  3847 | D:9      | Reached XP level 10. HP: 49/56 MP: 14/14
  3854 | D:9      | Noticed an orange crystal statue
  4088 | D:8      | Found an oddly glowing altar of Pakellas.
  4088 | D:8      | Found a shimmering altar of Xom.
  4387 | D:9      | Reached skill level 1 in Dodging
  4402 | D:10     | Entered Level 10 of the Dungeon
  4618 | D:11     | Reached skill level 10 in Polearms
  4667 | D:11     | Noticed a hill giant
  4677 | D:11     | Noticed Grum
  4691 | D:11     | Killed a hill giant
  4691 | D:11     | Reached skill level 1 in Necromancy
  4704 | D:11     | Killed Grum
  4818 | D:11     | Found a staircase to the Lair.
  4837 | Lair:1   | Entered Level 1 of the Lair of Beasts
  5038 | Lair:1   | Noticed a spiny frog
  5047 | Lair:1   | Killed a spiny frog
  5204 | Lair:1   | Reached XP level 11. HP: 42/60 MP: 6/15
  5228 | Lair:1   | Reached skill level 5 in Charms
  5341 | Lair:2   | Reached * piety under Ashenzari
  5432 | Lair:2   | Noticed a five-headed hydra
  5563 | Lair:3   | Found a labyrinth entrance.
  5574 | Lab      | Entered a labyrinth
  5703 | Lab      | Noticed a minotaur
  5714 | Lab      | Killed a minotaur
  5721 | Lab      | Got the cursed giant spiked club of a ziggurat {drain, rF+ Dex+4 Stlth+}
  5722 | Lab      | Identified the cursed +1 giant spiked club of a ziggurat {drain, rF+ Dex+4 Stlth+} (You found it in a labyrinth)
  5724 | Lab      | Identified the Collected Works on the Mutagenic Blaze (You found it in a labyrinth)
  5727 | Lab      | Got the uncursed scale mail "Deweled" {Str+5}
  5738 | Lab      | Identified the +4 scale mail "Deweled" {Str+5} (You found it in a labyrinth)
  5748 | Lab      | Identified the ring "Beothigi" {+Inv rPois} (You found it in a labyrinth)
  5750 | Lab      | PIZDEC
  5758 | Lab      | Identified a +6 rod of ignition (13/13) (You found it in a labyrinth)
  5759 | Lab      | Identified a +2 rod of clouds (11/11) (You found it in a labyrinth)
  5851 | Lair:3   | Reached skill level 5 in Necromancy
  6098 | Lair:4   | Noticed a death yak
  6098 | Lair:4   | Noticed a death yak
  6101 | Lair:4   | Noticed a death yak
  6117 | Lair:4   | Killed a death yak
  6123 | Lair:4   | Noticed a death yak
  6138 | Lair:4   | Killed a death yak
  6138 | Lair:4   | Reached skill level 5 in Dodging
  6301 | Lair:5   | Noticed a seven-headed hydra
  6397 | Lair:5   | Gained mutation: You regenerate. [Vine Stalker growth]
  6397 | Lair:5   | Reached XP level 12. HP: 41/65 MP: 14/16
  6561 | Lair:6   | Noticed an eight-headed hydra
  6649 | Lair:6   | Found a hole to the Spider Nest.
  6691 | Lair:6   | Reached ** piety under Ashenzari
  6760 | Lair:6   | Noticed a spriggan rider
  7021 | Lair:7   | Noticed an eight-headed hydra
  7077 | Lair:7   | Noticed a death yak
  7080 | Lair:7   | Noticed a death yak
  7129 | Lair:7   | Killed a death yak
  7137 | Lair:7   | Killed a death yak
  7170 | Lair:7   | Killed an eight-headed hydra
  7339 | Lair:7   | Found a dark tunnel.
  7345 | Volcano  | Entered a volcano
  7359 | Volcano  | Noticed an ogre mage
  7386 | Volcano  | Killed an ogre mage
  7386 | Volcano  | Reached XP level 13. HP: 35/69 MP: 13/17
  7611 | Lair:7   | Reached skill level 1 in Armour
  7761 | Lair:8   | Entered Level 8 of the Lair of Beasts
  7923 | Lair:8   | Found a frozen archway.
  7935 | IceCv    | Entered an ice cave
  8076 | IceCv    | CHET ZAEBAL
  8120 | IceCv    | Identified the amulet "Lyefos Uceo" {Regen+ Int+4}
  8473 | Lair:8   | Found a viscous altar of Jiyva.
  8473 | Lair:8   | Found a staircase to the Slime Pits.
  8610 | Lair:8   | Reached skill level 5 in Hexes
  8683 | Lair:8   | Reached XP level 14. HP: 74/74 MP: 14/18
  8808 | Lair:8   | Reached skill level 5 in Armour
  9386 | Lair:2   | Reached *** piety under Ashenzari
  9596 | Lair:1   | Learned a level 2 spell: Song of Slaying
  9789 | D:11     | Gained mutation: You have a pair of small horns on your head. [potion of beneficial mutation]
  9800 | D:11     | Learned a level 2 spell: Repel Missiles
  9803 | D:11     | Learned a level 2 spell: Blink
 10104 | D:12     | Identified the +9 blowgun of Tension {evade, rC++ rN+ Int-2 Dex-3}
 10310 | D:12     | Reached skill level 15 in Polearms
 10340 | D:12     | Found a staircase to the Orcish Mines.
 10351 | Orc:1    | Entered Level 1 of the Orcish Mines
 10391 | Orc:2    | Entered Level 2 of the Orcish Mines
 10391 | Orc:2    | Found Emici's Armour Emporium.
 10392 | Orc:2    | Found Heeten's Food Shop.
 10442 | Orc:2    | Found Raull's Assorted Antiques.
 10450 | Orc:2    | Bought a scroll of enchant armour for 210 gold pieces
 10478 | Orc:2    | Reached XP level 15. HP: 74/78 MP: 13/19
 10529 | Orc:2    | Reached **** piety under Ashenzari
 10565 | Orc:2    | Found Rotuen's Jewellery Emporium.
 10613 | Orc:2    | Found Sedghe's Antique Armour Boutique.
 10614 | Orc:2    | Found a roughly hewn altar of Beogh.
 10619 | Orc:2    | Found Ulierer's General Store.
 10662 | Orc:2    | Bought a glowing helmet for 130 gold pieces
 10666 | Orc:2    | Found a staircase to the Elven Halls.
 10670 | Orc:2    | Bought a scroll of recharging for 161 gold pieces
 10713 | Orc:2    | Found Xoduonai's Antique Weapon Boutique.
 10714 | Orc:2    | Noticed an orc warlord
 10744 | Orc:2    | Killed an orc warlord
 11076 | Orc:2    | JAQ THE HAT MASTER!!!!!!!
 11116 | Orc:2    | Found Lesom's Antique Armour Shop.
 11181 | D:12     | Noticed Maurice
 11184 | D:12     | Killed Maurice
 11375 | D:6      | Bought the ring "Gasal" {MR+ Str+3 Dex+3 Slay+2} for 742 gold pieces
 11599 | D:13     | Found Laul's Jewellery Emporium.
 11981 | D:15     | Entered Level 15 of the Dungeon
 12285 | Lair:3   | Found a staircase to the Shoals.
 12294 | Shoals:1 | Entered Level 1 of the Shoals
 12295 | Shoals:1 | Reached ***** piety under Ashenzari
 12391 | Shoals:1 | Reached skill level 1 in Translocations
 12472 | Shoals:2 | Noticed a kraken
 12500 | Shoals:2 | Killed a kraken
 12772 | Shoals:3 | Noticed Donald
 12797 | Shoals:3 | Killed Donald
 12856 | Shoals:3 | Reached XP level 16. HP: 81/82 MP: 20/20
 12923 | Shoals:4 | Entered Level 4 of the Shoals
 12968 | Shoals:4 | Reached skill level 10 in Hexes
 13258 | Shoals:4 | Noticed Ilsuiw
 13276 | Shoals:4 | Killed Ilsuiw
 13303 | Shoals:4 | Reached skill level 5 in Translocations
 13682 | Shoals:4 | Got a barnacled rune of Zot
 13703 | Shoals:4 | Noticed Kite's ghost (adept MiBe)
 13755 | Shoals:4 | Identified the ring of the Vendetta {rCorr rF+ Dex+4}
 14115 | Shoals:1 | Reached XP level 17. HP: 88/88 MP: 12/21
 14316 | Spider:1 | Entered Level 1 of the Spider Nest
 14326 | Spider:1 | Gained mutation: You can translocate small distances at will. [potion of beneficial mutation]
 14368 | Spider:1 | Reached skill level 10 in Fighting
 14575 | Spider:2 | Identified the amulet "Biros" {+Rage rPois Dex+5}
 14830 | Spider:3 | Noticed Jorgrun
 14864 | Spider:3 | Noticed Arachne
 14880 | Spider:3 | Killed Arachne
 14890 | Spider:3 | Noticed Nikola
 14926 | Spider:3 | Killed Nikola
 14955 | Spider:4 | Entered Level 4 of the Spider Nest
 14980 | Spider:4 | Reached skill level 10 in Armour
 15224 | Spider:4 | Got a gossamer rune of Zot
 15365 | Spider:2 | Identified the Papyrus of Shape Shifting
 15770 | Lair:1   | Learned a level 5 spell: Silence
 15883 | Elf:1    | Entered Level 1 of the Elven Halls
 15891 | Elf:1    | Reached skill level 1 in Air Magic
 15981 | Elf:1    | Reached XP level 18. HP: 59/96 MP: 4/22
 16324 | Elf:3    | Entered Level 3 of the Elven Halls
 16353 | Elf:3    | Reached skill level 5 in Air Magic
 16366 | Elf:3    | Noticed a Hell Sentinel
 16400 | Elf:3    | Identified the cursed +0 great mace of the Dead {drain, rF+ rN+}
 16411 | Elf:3    | Identified the amulet of the Fiend {Reflect rN+ Int+3 SH+5}
 16413 | Elf:3    | Identified the +12 lajatang of a bazaar {flame, rElec MP+9}
 16490 | Elf:3    | Noticed a deep elf master archer
 16504 | Elf:3    | Killed a deep elf master archer
 16545 | Elf:3    | Noticed a deep elf master archer
 16545 | Elf:3    | Noticed a deep elf master archer
 16571 | Elf:3    | Noticed a deep elf blademaster
 16825 | Elf:3    | Cast into level 3 of the Abyss (a deep elf demonologist)
 16826 | Abyss:3  | Found a corrupted altar of Lugonu.
 16838 | Elf:3    | Escaped the Abyss
 16844 | Elf:3    | Identified the +5 battleaxe "Beut" {freeze, *Corrode rN++ MP+9} (You took it off a deep elf demonologist on level 3 of the Elven Halls)
 16879 | Elf:3    | Killed a deep elf master archer
 16912 | Elf:3    | Noticed a deep elf blademaster
 16920 | Elf:3    | Killed a deep elf blademaster
 16932 | Elf:3    | Identified the ring of the Jolly Suns {rElec rF+ Str+3} (You took it off a deep elf elementalist on level 3 of the Elven Halls)
 16940 | Elf:3    | Noticed a Tzitzimitl
 16951 | Elf:3    | Killed a deep elf blademaster
 16980 | Elf:3    | Identified the +9 rapier "Ohiashruf" {antimagic, +Inv Str-4 Int+6 Stlth+}
 16980 | Elf:3    | Identified the ring of Nanuttut {rElec Int+2 Dex+5 Slay+3}
 17002 | Elf:3    | Noticed a deep elf blademaster
 17015 | Elf:3    | Killed a deep elf blademaster
 17062 | Elf:3    | Identified the +5 scale mail of the Moon {rPois Str+3 Dex+2} (You took it off a deep elf high priest on level 3 of the Elven Halls)
 17074 | Elf:3    | Killed a deep elf master archer
 17112 | Elf:3    | Reached XP level 19. HP: 100/100 MP: 27/27
 17123 | Elf:3    | Identified the cursed +1 leather armour of Indemnity {-Tele rC+ MR+ MP+9} (You took it off a deep elf blademaster on level 3 of the Elven Halls)
 17271 | Elf:3    | Identified Sif Muna's Handbook of Lucky Execration
 17322 | Elf:3    | Reached skill level 5 in Spellcasting
 17359 | Elf:2    | Found Lukoix's Jewellery Boutique.
 17947 | Slime:1  | Entered Level 1 of the Pits of Slime
 18193 | Slime:6  | Entered Level 6 of the Pits of Slime
 18239 | Slime:6  | Reached ****** piety under Ashenzari
 18430 | Slime:6  | Identified the cursed +1 troll leather armour of Darkness {rPois rC+ rN+ Regen+}
 18430 | Slime:6  | Identified the +5 falchion of Cychec {vamp, Int+4}
 18434 | Slime:6  | Found a viscous altar of Jiyva.
 18473 | Slime:6  | Noticed the Royal Jelly
 18612 | Slime:6  | Paralysed by a giant eyeball for 2 turns
 18636 | Slime:6  | Killed the Royal Jelly
 18786 | Slime:6  | Got a slimy rune of Zot
 18805 | Slime:6  | Reached XP level 20. HP: 85/108 MP: 26/32
 19274 | D:15     | Found a shadowy altar of Dithmenos.
 19277 | D:15     | Noticed senseless's ghost (journeyman MiFi)
 19289 | D:15     | Killed senseless's ghost
 19389 | D:15     | Found a staircase to the Depths.
 19409 | Depths:1 | Entered Level 1 of the Depths
 19409 | Depths:1 | Found a gateway to a ziggurat.
 19580 | D:14     | Noticed Snorg
 19584 | D:14     | Killed Snorg
 19758 | D:14     | Found a gate to the Vaults.
 19769 | Vaults:1 | Entered Level 1 of the Vaults
 19878 | Vaults:2 | Found Puodih's Jewellery Shop.
 20240 | Vaults:3 | Found a staircase to the Crypt.
 20577 | Vaults:4 | Identified the cursed +0 scale mail "Nitutwev" {Dex+3 Slay+2}
 20668 | Vaults:5 | Entered Level 5 of the Vaults
 20687 | Vaults:5 | Reached skill level 10 in Spellcasting
 20689 | Vaults:5 | Reached XP level 21. HP: 51/114 MP: 19/36
 20724 | Vaults:5 | Noticed an ancient lich
 20796 | Vaults:5 | Reached skill level 1 in Stealth
 20840 | Vaults:5 | Identified a scroll of acquirement
 20841 | Vaults:5 | Noticed a golden dragon
 20851 | Vaults:5 | Killed a golden dragon
 20851 | Vaults:5 | Reached skill level 2 in Stealth
 20886 | Vaults:5 | Reached skill level 3 in Stealth
 20888 | Vaults:5 | Identified Fuzeem's Handbook of Ice and Intoxication
 20901 | Vaults:5 | Got the uncursed cloak of Beauty {MR++}
 20927 | Vaults:5 | Identified the +0 cloak of Beauty {MR++} (You found it on level 5 of the Vaults)
 20947 | Vaults:5 | Identified the cursed +0 war axe of Cuish {freeze, rN+}
 21051 | Vaults:5 | Reached skill level 4 in Stealth
 21150 | Vaults:5 | Found Kafuxiol's Distillery.
 21154 | Vaults:5 | Bought a potion of might for 72 gold pieces
 21154 | Vaults:5 | Bought a potion of agility for 72 gold pieces
 21172 | Vaults:5 | Found Keowebumo's Magic Scroll Emporium.
 21172 | Vaults:5 | Found Buzxucuts's Distillery.
 21172 | Vaults:5 | Found Rucah's Magic Scroll Boutique.
 21172 | Vaults:5 | Found Avotwev's Distillery.
 21172 | Vaults:5 | Noticed an ancient lich
 21172 | Vaults:5 | Found Xiempov's Distillery.
 21203 | Vaults:5 | Reached skill level 5 in Stealth
 21228 | Vaults:5 | Bought a scroll of acquirement for 780 gold pieces
 21228 | Vaults:5 | Bought a scroll of recharging for 142 gold pieces
 21228 | Vaults:5 | Bought a scroll of enchant weapon for 112 gold pieces
 21228 | Vaults:5 | Bought a scroll of teleportation for 45 gold pieces
 21228 | Vaults:5 | Bought a scroll of blinking for 112 gold pieces
 21244 | Vaults:5 | Bought a scroll of fog for 22 gold pieces
 21244 | Vaults:5 | Bought a scroll of teleportation for 33 gold pieces
 21244 | Vaults:5 | Bought a scroll of fog for 22 gold pieces
 21274 | Vaults:5 | Killed an ancient lich
 21286 | Vaults:5 | Bought a potion of might for 48 gold pieces
 21286 | Vaults:5 | Bought a potion of agility for 48 gold pieces
 21286 | Vaults:5 | Bought a potion of agility for 48 gold pieces
 21286 | Vaults:5 | Bought a potion of resistance for 120 gold pieces
 21286 | Vaults:5 | Bought a potion of cancellation for 96 gold pieces
 21333 | Vaults:5 | Found Qeoll's Distillery.
 21333 | Vaults:5 | Found Yraogatu's Magic Scroll Shoppe.
 21343 | Vaults:5 | Reached skill level 6 in Stealth
 21346 | Vaults:5 | Bought a potion of might for 80 gold pieces
 21346 | Vaults:5 | Bought a potion of agility for 80 gold pieces
 21346 | Vaults:5 | Bought a potion of might for 80 gold pieces
 21353 | Vaults:5 | Bought a scroll of teleportation for 63 gold pieces
 21353 | Vaults:5 | Bought a scroll of blinking for 157 gold pieces
 21446 | Vaults:5 | Reached skill level 7 in Stealth
 21538 | Vaults:5 | Identified the Guide on the Nocuous Rocks (You found it on level 5 of the Vaults)
 21581 | Vaults:5 | Killed an ancient lich
 21581 | Vaults:5 | Reached XP level 22. HP: 121/121 MP: 34/37
 21611 | Vaults:5 | Reached skill level 8 in Stealth
 21621 | Vaults:5 | Noticed an ancient lich
 21662 | Vaults:5 | Noticed a golden dragon
 21678 | Vaults:5 | Killed a golden dragon
 21777 | Vaults:5 | Got a silver rune of Zot
 21789 | Vaults:5 | Learned a level 1 spell: Apportation
 21803 | Vaults:5 | Identified the ring "Peha" {rCorr MP+9 Str+8} (You took it off a yaktaur on level 5 of the Vaults)
 21842 | Vaults:5 | Killed an ancient lich
 21862 | Vaults:5 | Reached skill level 9 in Stealth
 21958 | Crypt:1  | Entered Level 1 of the Crypt
 22010 | Crypt:1  | Identified the ring "Quffiunk" {rN+ Stlth+}
 22173 | Crypt:1  | Reached skill level 15 in Fighting
 22233 | Crypt:1  | Reached skill level 10 in Stealth
 22645 | Crypt:3  | Entered Level 3 of the Crypt
 22711 | Crypt:3  | Found a basalt altar of Yredelemnul.
 22722 | Crypt:3  | Reached XP level 23. HP: 126/126 MP: 38/38
 22769 | Crypt:3  | Reached skill level 11 in Stealth
 22888 | Crypt:3  | Identified the +7 chain mail of Oqaregik {rC+ Str+4 Dex-5}
 22889 | Crypt:3  | Identified the ring of Plog {rC+ rN+}
 22925 | Crypt:3  | Identified the amulet of Xury Hynn {Regen+ Dex+4} (You found it on level 3 of the Crypt)
 22929 | Crypt:3  | Identified the ring of the Rose {*Corrode rC+ rN+ Dex+4 Stlth+} (You found it on level 3 of the Crypt)
 22950 | Crypt:3  | Identified the Papyrus of Dislocated Fire (You found it on level 3 of the Crypt)
 23032 | Crypt:3  | Identified the amulet of Ukejei {Gourm rF+ Str-3 Int+5}
 23103 | Crypt:3  | Found a staircase to the Tomb.
 23103 | Crypt:3  | Noticed Jory
 23128 | Crypt:3  | Killed Jory
 23218 | Crypt:3  | Reached skill level 15 in Armour
 23218 | Crypt:3  | Reached skill level 12 in Stealth
 23385 | Tomb:1   | Entered Level 1 of the Tomb of the Ancients
 23402 | Tomb:1   | PLS
 23410 | Tomb:1   | Noticed a greater mummy
 23421 | Tomb:1   | Noticed a greater mummy
 23614 | Tomb:1   | Noticed a greater mummy
 23614 | Tomb:1   | Noticed a greater mummy
 23614 | Tomb:1   | Noticed a greater mummy
 23614 | Tomb:1   | Noticed a greater mummy
 23614 | Tomb:1   | Noticed a greater mummy
 23628 | Tomb:1   | Killed a greater mummy
 23630 | Tomb:1   | Noticed a greater mummy
 23630 | Tomb:1   | Noticed a greater mummy
 23635 | Tomb:1   | Noticed a greater mummy
 23660 | Tomb:1   | Killed a greater mummy
 23933 | Tomb:1   | Reached skill level 13 in Stealth
 23948 | Tomb:1   | Killed a greater mummy
 24035 | Tomb:2   | Identified the +7 arbalest "Juek" {freeze, rF+ rC- MP+9 Int+8}
 24037 | Tomb:2   | Noticed a greater mummy
 24037 | Tomb:2   | Noticed a greater mummy
 24037 | Tomb:2   | Noticed a greater mummy
 24037 | Tomb:2   | Noticed a greater mummy
 24098 | Tomb:1   | Reached XP level 24. HP: 129/133 MP: 37/38
 24202 | Tomb:1   | Killed a greater mummy
 24350 | Tomb:2   | Killed a greater mummy
 24570 | Tomb:2   | Killed a greater mummy
 24654 | Tomb:1   | Killed a greater mummy
 24810 | Tomb:1   | Noticed a greater mummy
 24816 | Tomb:1   | Killed a greater mummy
 24816 | Tomb:1   | Reached skill level 10 in Charms
 24826 | Tomb:1   | Killed a greater mummy
 24848 | Tomb:1   | Noticed a greater mummy
 24858 | Tomb:1   | Killed a greater mummy
 24861 | Tomb:1   | Noticed a greater mummy
 24865 | Tomb:1   | Noticed a greater mummy
 24870 | Tomb:1   | Killed a greater mummy
 24926 | Tomb:1   | Killed a greater mummy
 24926 | Tomb:1   | Reached skill level 14 in Stealth
 24975 | Tomb:1   | Killed a greater mummy
 25005 | Tomb:1   | Noticed a greater mummy
 25024 | Tomb:1   | Killed a greater mummy
 25031 | Tomb:1   | Noticed a greater mummy
 25042 | Tomb:1   | Noticed a greater mummy
 25049 | Tomb:1   | Killed a greater mummy
 25202 | Tomb:1   | Killed a greater mummy
 25255 | Tomb:1   | Noticed a greater mummy
 25259 | Tomb:1   | Noticed a greater mummy
 25263 | Tomb:1   | Killed a greater mummy
 25267 | Tomb:1   | Killed a greater mummy
 25273 | Tomb:1   | Noticed a greater mummy
 25281 | Tomb:1   | Killed a greater mummy
 25286 | Tomb:1   | Noticed a greater mummy
 25296 | Tomb:1   | Killed a greater mummy
 25330 | Tomb:1   | Killed a greater mummy
 25363 | Tomb:1   | Killed a greater mummy
 25363 | Tomb:1   | Reached XP level 25. HP: 136/140 MP: 38/38
 25376 | Tomb:1   | Killed a greater mummy
 25385 | Tomb:1   | Noticed a greater mummy
 25396 | Tomb:1   | Killed a greater mummy
 25428 | Tomb:1   | Killed a greater mummy
 25428 | Tomb:1   | Reached skill level 15 in Stealth
 25434 | Tomb:1   | Killed a greater mummy
 25521 | Tomb:2   | Identified the cursed +3 dagger of Sieklakh {antimagic, *Noise +Blink Dex+8 Stlth-} (You took it off a mummy priest on level 2 of the Tomb of the Ancients)
 25742 | Tomb:3   | Entered Level 3 of the Tomb of the Ancients
 25948 | Tomb:3   | Reached skill level 10 in Dodging
 26008 | Tomb:3   | Identified the cursed +1 quick blade of Purpose {pierce, Str+7 Int-2 Stlth+}
 26634 | Tomb:3   | Reached skill level 16 in Stealth
 26766 | Tomb:3   | Noticed a greater mummy
 26766 | Tomb:3   | Noticed a greater mummy
 26766 | Tomb:3   | Noticed a greater mummy
 26767 | Tomb:3   | Noticed a greater mummy
 26826 | Tomb:2   | Killed a greater mummy
 26838 | Tomb:3   | Noticed a greater mummy
 26901 | Tomb:2   | Killed a greater mummy
 26941 | Tomb:2   | Killed a greater mummy
 26984 | Tomb:3   | Killed a greater mummy
 26989 | Tomb:3   | Noticed a greater mummy
 26996 | Tomb:3   | Killed a greater mummy
 27001 | Tomb:3   | Killed a greater mummy
 27001 | Tomb:3   | Reached XP level 26. HP: 128/147 MP: 35/38
 27046 | Tomb:3   | Identified the +6 war axe of the Beds {venom, +Blink Str-4 Int+2 Dex+5}
 27113 | Tomb:3   | Noticed Khufu
 27133 | Tomb:3   | Noticed an ancient lich
 27142 | Tomb:3   | Killed Khufu
 27142 | Tomb:3   | Reached skill level 17 in Stealth
 27153 | Tomb:3   | Killed an ancient lich
 27227 | Tomb:3   | Noticed a greater mummy
 27233 | Tomb:3   | Killed a greater mummy
 27242 | Tomb:3   | Identified the +2 quarterstaff of Courage {elec, +Blink MP+9}
 27242 | Tomb:3   | Identified the +3 whip "Ewiyvana" {slash, rF+ Str+5}
 27243 | Tomb:3   | Identified the +8 scimitar of Defence {pain, MR+ Str+6}
 27244 | Tomb:3   | Identified the +3 leather armour of Monotheism {rPois MP+9 Stlth-}
 27246 | Tomb:3   | Identified the ring "Ufroib" {Fire Slay+3}
 27254 | Tomb:3   | Identified the Handbook of the Blaze and Blows and Bruises
 27289 | Tomb:3   | Got a golden rune of Zot
 28196 | D:8      | Bought a wand of teleportation (6/9) for 360 gold pieces
 28235 | D:6      | Bought a book of Enchantments for 750 gold pieces
 28242 | D:6      | Learned a level 6 spell: Haste
 28415 | Depths:1 | Found a gateway to Hell.
 28528 | Depths:1 | Found a runed door.
 28707 | Depths:2 | Reached skill level 18 in Stealth
 29056 | Depths:3 | Found a one-way gate leading to the halls of Pandemonium.
 29239 | Depths:3 | Reached XP level 27. HP: 154/154 MP: 38/38
 29299 | Depths:3 | Reached skill level 19 in Stealth
 29352 | Depths:3 | Found a one-way gate to the infinite horrors of the Abyss.
 29386 | Depths:3 | Voluntarily entered the Abyss.
 29661 | Abyss:3  | Found a shattered altar of Ashenzari.
 29736 | Abyss:3  | Found a corrupted altar of Lugonu.
 29969 | Abyss:3  | Identified the ring of the Middle {rPois SInv Stlth+}
 30064 | Abyss:3  | Got an abyssal rune of Zot
 30133 | Depths:3 | Escaped the Abyss
 30274 | Depths:5 | Entered Level 5 of the Depths
 30335 | Depths:5 | Learned a level 6 spell: Deflect Missiles
 30347 | Depths:5 | Found a gateway to a bazaar.
 30366 | Bazaar   | Entered a bazaar
 30366 | Bazaar   | Found Sethrezetz's Book Shop.
 30366 | Bazaar   | Found Commyor's Armour Shoppe.
 30368 | Bazaar   | Found Kuwn's Armour Boutique.
 30368 | Bazaar   | Found Asipneck's Distillery.
 30421 | Bazaar   | Bought a book of Spatial Translocations for 715 gold pieces
 30426 | Bazaar   | Learned a level 4 spell: Passage of Golubria
 30437 | Bazaar   | Bought the +2 pair of gloves of an ice cave {Slay+2} for 269 gold pieces
 30459 | Bazaar   | Bought a potion of flight for 42 gold pieces
 30459 | Bazaar   | Bought a potion of cure mutation for 350 gold pieces
 30459 | Bazaar   | Bought a potion of might for 56 gold pieces
 30459 | Bazaar   | Bought a potion of might for 56 gold pieces
 30459 | Bazaar   | Bought a potion of magic for 112 gold pieces
 30459 | Bazaar   | Bought a potion of curing for 42 gold pieces
 30557 | Hell     | Entered the Vestibule of Hell
 30557 | Hell     | Noticed Geryon
 30569 | Hell     | Killed Geryon
 30711 | Hell     | Found a gateway to the ashen valley of Gehenna.
 30827 | Geh:1    | Entered Level 1 of Gehenna
 31022 | Geh:4    | Reached skill level 20 in Stealth
 31221 | Geh:7    | Entered Level 7 of Gehenna
 31252 | Geh:7    | Identified the cursed +1 blowgun "Zackad" {evade, Str-4 Int+5}
 31279 | Geh:7    | Noticed Asmodeus
 31372 | Geh:7    | Killed Asmodeus
 31405 | Geh:7    | Got an obsidian rune of Zot
 31518 | Hell     | Found a gateway to the decaying netherworld of Tartarus.
 31571 | Hell     | Reached skill level 21 in Stealth
 31588 | Tar:1    | Entered Level 1 of Tartarus
 31625 | Tar:1    | You fall through a shaft!
 31824 | Tar:7    | Entered Level 7 of Tartarus
 31851 | Tar:7    | Identified the cursed +0 scale mail "Ujec" {rPois rC+ Regen+ Int-3}
 31975 | Tar:7    | Noticed Ereshkigal
 32336 | Tar:7    | Killed Ereshkigal
 32336 | Tar:7    | Reached skill level 22 in Stealth
 32365 | Tar:7    | Got a bone rune of Zot
 32513 | Tar:7    | Gained mutation: You are clumsy. (Dex -2) [mutagenic glow]
 32562 | Tar:7    | Gained mutation: You are weak. (Str -2) [mutagenic glow]
 32681 | Hell     | Found a gateway to the Iron City of Dis.
 32693 | Dis:1    | Entered Level 1 of the Iron City of Dis
 33019 | Dis:7    | Entered Level 7 of the Iron City of Dis
 33102 | Dis:7    | Identified the amulet of Ifuat {Dismiss rC+}
 33229 | Dis:7    | Noticed Dispater
 33232 | Dis:7    | Identified the +9 plate armour of Vukluviy {rPois rC+}
 33366 | Dis:7    | Reached skill level 23 in Stealth
 33420 | Dis:7    | Reached skill level 15 in Charms
 33501 | Dis:7    | Got an iron rune of Zot
 33562 | Hell     | Found a gateway to the freezing wastes of Cocytus.
 33593 | Coc:1    | Entered Level 1 of Cocytus
 33817 | Coc:6    | Gained mutation: Your body sometimes deteriorates upon taking damage. [mutagenic glow]
 33820 | Coc:6    | Lost mutation: You can translocate small distances at will. [potion of cure mutation]
 33820 | Coc:6    | Lost mutation: Your body sometimes deteriorates upon taking damage. [potion of cure mutation]
 33820 | Coc:6    | Lost mutation: You are clumsy. (Dex -2) [potion of cure mutation]
 33820 | Coc:6    | Lost mutation: You are weak. (Str -2) [potion of cure mutation]
 33859 | Coc:7    | Entered Level 7 of Cocytus
 33921 | Coc:7    | Gained mutation: You are frail (-10% HP). [mutagenic glow]
 33980 | Coc:7    | Reached skill level 15 in Dodging
 34104 | Coc:7    | Noticed the Serpent of Hell
 34140 | Coc:7    | Identified the +7 war axe "Ocaikuok" {chop, *Noise rN+ MR+}
 34161 | Coc:7    | Killed the Serpent of Hell
 34161 | Coc:7    | Reached skill level 24 in Stealth
 34256 | Coc:7    | Noticed Antaeus
 34313 | Coc:7    | Identified the ring "Panwauw" {rN+ MP+9}
 34319 | Coc:7    | Identified the Disquisition on Noxious Beguiling (You found it on level 7 of Cocytus)
 34355 | Coc:7    | Killed by the effects of Hell

Skill      XL: |  1  2  3  4  5  6  7  8  9 10 11 12 13 14 15 16 17 18 19 20 21 22 23 24 25 26 27 |
---------------+----------------------------------------------------------------------------------+-----
Polearms       | 2 3 4 5 6 7 9 10 11 12 13 15 16 17 18 19 20 21 | 21.2
Hexes          | 1 2 3 5 8 9 10 | 10.2
Fighting       | 3 4 6 8 9 11 12 13 14 15 16 17 18 20 | 20.5
Dodging        | 3 5 6 7 9 11 12 15 | 15.0
Necromancy     | 3 5 7 |  7.9
Charms         | 4 7 8 9 11 12 15 | 15.2
Armour         | 4 6 7 9 10 11 12 13 14 15 | 15.0
Translocations | 2 6 8 |  8.2
Air Magic      | 3 9 |  9.1
Spellcasting   | 4 7 10 | 10.3
Stealth        | 7 10 13 14 16 18 24 | 24.4

Action                   |  1- 3 |  4- 6 |  7- 9 | 10-12 | 13-15 | 16-18 | 19-21 | 22-24 | 25-27 || total
-------------------------+-------+-------+-------+-------+-------+-------+-------+-------+-------++-------
Melee: Spear             |   127 |    48 |       |       |       |       |       |       |       ||   175
       Bite              |    23 |    32 |    46 |   216 |   248 |   253 |   322 |   381 |   759 ||  2280
       Trident           |       |   150 |   203 |   136 |       |       |       |       |       ||   489
       Headbutt          |       |    16 |       |       |    88 |   149 |   234 |   277 |   526 ||  1290
       Halberd           |       |       |       |   461 |     5 |       |       |       |       ||   466
       Bardiche          |       |       |       |       |   867 |   769 |   691 |   806 |  1789 ||  4922
Throw: Javelin           |       |       |       |     4 |       |       |       |       |       ||     4
 Cast: Spectral Weapon   |       |     9 |    19 |    66 |    89 |    93 |    70 |    72 |   139 ||   557
       Infusion          |       |     1 |       |       |       |       |       |       |       ||     1
       Regeneration      |       |       |       |     9 |    19 |    36 |    28 |    51 |   118 ||   261
       Repel Missiles    |       |       |       |       |     4 |    10 |     3 |     2 |     1 ||    20
       Blink             |       |       |       |       |       |     3 |       |       |    13 ||    16
       Silence           |       |       |       |       |       |       |       |     7 |     4 ||    11
       Apportation       |       |       |       |       |       |       |       |       |    11 ||    11
       Passage of Golubr |       |       |       |       |       |       |       |       |    17 ||    17
       Haste             |       |       |       |       |       |       |       |       |     9 ||     9
       Deflect Missiles  |       |       |       |       |       |       |       |       |     6 ||     6
Invok: Curse Item        |       |       |       |     1 |     5 |     1 |     1 |       |     2 ||    10
       Scrying           |       |       |       |       |     3 |    17 |     8 |     3 |    25 ||    56
 Abil: Evoke Invisibilit |       |       |       |       |       |     1 |       |       |       ||     1
Evoke: Wand              |       |       |       |    21 |     8 |     3 |     8 |     4 |    24 ||    68
       Rod               |       |       |       |     2 |       |       |       |       |       ||     2
       Lamp of fire      |       |       |       |       |       |     1 |     1 |       |       ||     2
       Phantom mirror    |       |       |       |       |       |       |     1 |       |     3 ||     4
       Deck              |       |       |       |       |       |       |     2 |       |       ||     2
       Fan of gales      |       |       |       |       |       |       |     1 |       |     1 ||     2
       Horn of Geryon    |       |       |       |       |       |       |       |       |     1 ||     1
  Use: Potion            |       |     6 |     2 |     5 |     6 |     2 |       |     1 |    17 ||    39
       Scroll            |       |     5 |    11 |    17 |    17 |    13 |    13 |     9 |    16 ||   101
 Stab: Sleeping          |     1 |     2 |       |     4 |       |       |     1 |     6 |    35 ||    49
       Distracted        |       |       |       |     4 |     4 |     5 |    18 |    22 |    42 ||    95
       Paralysed         |       |       |       |       |     2 |       |       |       |       ||     2
       Invisible         |       |       |       |       |     6 |     2 |       |       |       ||     8
       Held in net/web   |       |       |       |       |       |     2 |       |       |       ||     2
  Eat: Chunk             |       |     7 |     4 |    20 |    28 |    20 |     2 |       |     6 ||    87
       Pizza             |       |       |     2 |     1 |     5 |       |     4 |     1 |     1 ||    14
       Royal jelly       |       |       |     1 |       |     1 |       |     2 |     1 |     1 ||     6
       Fruit             |       |       |     3 |       |       |     4 |     2 |     5 |       ||    14
       Beef jerky        |       |       |     1 |     3 |       |       |     2 |     4 |       ||    10
       Meat ration       |       |       |       |       |       |     2 |     2 |     2 |    10 ||    16
Armor: Leather armour    |    19 |    53 |       |       |       |       |       |       |       ||    72
       Troll hide        |       |     2 |     8 |       |       |       |       |       |       ||    10
       Troll leather arm |       |       |    19 |    83 |       |       |       |       |       ||   102
       Fire dragon armou |       |       |       |       |   381 |   395 |   270 |   352 |   805 ||  2203
Dodge: Dodged            |    52 |   121 |    76 |   375 |   577 |   601 |   467 |   545 |  2339 ||  5153
       Deflected         |       |       |       |       |    40 |    60 |    41 |    16 |    34 ||   191
